[Event "*** Titled Tuesday Blitz"]
[Site "Chess.com"]
[Date "2020.04.28"]
[Round "2"]
[White "sergiochess83"]
[Black "Mr_Sinigami"]
[Result "1-0"]
[WhiteElo "2832"]
[BlackElo "2538"]
[TimeControl "180+1"]
[EndTime "10:17:37 PDT"]
[Termination "sergiochess83 won on time"]

1. e4 c5 2. Nf3 Nc6 3. d4 cxd4 4. Nxd4 Nf6 5. Nc3 e5 6. Ndb5 d6 7. Bg5 a6 8. Na3 b5 9. Nd5 Be7 10. Bxf6 Bxf6 11. c3 Bg5 12. Nc2 Rb8 13. a4 bxa4 14.
Ncb4 Nxb4 15. cxb4 O-O 16. Rxa4 a5 17. b5 Bd7 18. h4 Bh6 19. Nc3 Qb6 20. Bc4 Kh8 21. O-O f5 22. exf5 Bxf5 23. Bd3 Be6 24. Be4 Rbc8 25. Bd5 Bd7 26. Qe2 Qc5 27. Rxa5 Rf4 28. g3 Rd4 29. Rd1 Rf8 30. Ra8 Rxd1+ 31. Nxd1 Rxa8 32. Bxa8 Bxb5 33. Qf3 Qc8 34. Bd5 Bc4 35. Nc3 Bb5 36. Nxb5 1-0

[Event "*** Titled Tuesday Blitz"]
[Site "Chess.com"]
[Date "2020.04.28"]
[Round "2"]
[White "KubaGepard"]
[Black "GMartin_Petrov"]
[Result "0-1"]
[WhiteElo "2398"]
[BlackElo "2671"]
[TimeControl "180+1"]
[EndTime "10:17:37 PDT"]
[Termination "GMartin_Petrov won by resignation"]

1. d4 Nf6 2. Nf3 e6 3. Bf4 d5 4. e3 Bd6 5. Bg3 O-O 6. c3 c5 7. Nbd2 Nc6 8. Bd3 b6 9. Qe2 Bb7 10. Rd1 a5 11. e4 Be7 12. e5 Nh5 13. h4 Nxg3 14. fxg3 h6 15. g4 cxd4 16. cxd4 Nb4 17. g5 Nxd3+ 18. Qxd3 Ba6 19. Qb1 hxg5 20. hxg5 g6 21.
Nf1 Bxg5 22. Ng3 Kg7 23. Kf2 Rc8 24. Rh3 Rh8 25. Rxh8 Kxh8 26. Rh1+ Kg7 27. Rh3 Bf4 28. Rh4 Rc1 0-1

[Event "*** Titled Tuesday Blitz"]
[Site "Chess.com"]
[Date "2020.04.28"]
[Round "2"]
[White "GMJustin"]
[Black "RianKapriaga"]
[Result "1-0"]
[WhiteElo "2432"]
[BlackElo "2182"]
[TimeControl "180+1"]
[EndTime "10:17:37 PDT"]
[Termination "GMJustin won by checkmate"]

1. e4 e5 2. Nc3 Nc6 3. f4 Bc5 4. fxe5 Bxg1 5. Rxg1 Qh4+ 6. g3 Qxh2 7. Rg2 Qh1 8. Nd5 Kd8 9. d4 d6 10. Bg5+ Nge7 11.
exd6 cxd6 12. Nxe7 Nxe7 13. Qf3 Bh3 14. Qxf7 Re8 15.
O-O-O Bxg2 16. Bb5 Qxd1+ 17. Kxd1 Kc7 18. Bxe8 Rxe8 19.
Qxe8 Nc6 20. d5 Bxe4 21. dxc6 bxc6 22. Qxe4 Kb7 23. Qe7+ Kb6 24. Be3+ Kb5 25. Qxd6 Ka6 26. Qxc6+ Ka5 27. Bd2# 1-0

[Event "*** Titled Tuesday Blitz"]
[Site "Chess.com"]
[Date "2020.04.28"]
[Round "2"]
[White "StegariuVlad"]
[Black "EugeneRougon"]
[Result "0-1"]
[WhiteElo "2500"]
[BlackElo "2743"]
[TimeControl "180+1"]
[EndTime "10:17:38 PDT"]
[Termination "EugeneRougon won by checkmate"]

1. e4 e6 2. d4 d5 3. Nd2 Be7 4. exd5 exd5 5. Bd3 Nf6 6. Ngf3 O-O 7. O-O c5 8. dxc5 Bxc5 9. Nb3 Bb6 10. Bg5 Nc6 11.
c3 Bg4 12. h3 Bh5 13. Qc2 Bxf3 14. gxf3 Qd6 15. Kg2 Bc7 16. Rh1 g6 17. h4 Nh5 18.
Qd2 Rfe8 19. Be3 Ne5 20. Be2 Nc6 21. Rad1 Rad8 22. Nd4 Nxd4 23. Qxd4 Bb6 24. Qd2 Rxe3 25.
fxe3 Qg3+ 26. Kf1 Nf4 27. Rg1 Qh3+ 28. Ke1 Qh2 29. Kf1 Qh3+ 30. Ke1 Re8 31. exf4 Qxh4+ 32. Kf1 Qf2# 0-1

[Event "*** Titled Tuesday Blitz"]
[Site "Chess.com"]
[Date "2020.04.28"]
[Round "2"]
[White "GamayevOleg"]
[Black "jaskol95"]
[Result "1-0"]
[WhiteElo "2510"]
[BlackElo "2270"]
[TimeControl "180+1"]
[EndTime "10:17:38 PDT"]
[Termination "GamayevOleg won by resignation"]

1. d3 Nf6 2. e4 d6 3. Nf3 g6 4. Be2 Bg7 5. O-O O-O 6. c3 c5 7. a4 Nc6 8. h3 b6 9. Qc2 Bb7 10. Re1 Rc8 11. Nbd2 e6 12. Nb3 d5 13. exd5 exd5 14. a5 Re8 15. axb6 axb6 16. Bf4 d4 17. Nbd2 dxc3 18. bxc3 Nd5 19. Bg5 Qd7 20. Nb1 h6 21. Bd2 Ndb4 22. Qc1 Nxd3 23. Bxd3 Qxd3 24. Bxh6 Rxe1+ 25. Nxe1 Qd5 26. Bxg7 Kxg7 27. Nd2 Ne5 28. Ndf3 Re8 29.
Rb1 Nd3 30. Nxd3 Qxd3 31. Ne1 Qd5 32. Nf3 Qf5 33. Nh2 Qe4 34. f3 Qd3 35. Rxb6 Ba6 36. Ng4 Re6 37. Qh6+ Kg8 38. Rb8+ 1-0

[Event "*** Titled Tuesday Blitz"]
[Site "Chess.com"]
[Date "2020.04.28"]
[Round "2"]
[White "pma83"]
[Black "Petrosyan_Tigran"]
[Result "0-1"]
[WhiteElo "2231"]
[BlackElo "2634"]
[TimeControl "180+1"]
[EndTime "10:17:39 PDT"]
[Termination "Petrosyan_Tigran won by resignation"]

1. d4 d6 2. c4 e5 3. dxe5 dxe5 4. Qxd8+ Kxd8 5. Nc3 c6 6. b3 Kc7 7. Bb2 f6 8. O-O-O Bc5 9. e3 Ne7 10. Be2 a5 11. Na4 Na6 12. Nf3 Ba7 13. Ba3 Nb4 14. Bxb4 axb4 15. c5 Nd5 16. Bc4 Nc3 17. Nxc3 bxc3 18.
b4 b6 19. cxb6+ Bxb6 20. Kc2 Ra3 21. Bb3 c5 22. Kxc3 Bf5 23. bxc5 Bxc5 24. Kb2 Raa8 25. Nd2 Rhd8 26. Nc4 Bg4 27. f3 Be6 28. e4 Bd4+ 29. Kb1 Rdb8 30. Rc1 Kd7 31. Rhd1 Ke7 32.
Nd2 Ra7 33. Rc2 Be3 34. Rc3 Bh6 35. Nc4 Rc7 36. Ka1 Rbc8 37. Rcd3 Bxc4 38. Bxc4 Rxc4 39. Rd7+ Kf8 40. Rb7 Rc1+ 0-1

[Event "*** Titled Tuesday Blitz"]
[Site "Chess.com"]
[Date "2020.04.28"]
[Round "2"]
[White "ChessBitl"]
[Black "Vamostodorecto"]
[Result "1-0"]
[WhiteElo "2287"]
[BlackElo "2488"]
[TimeControl "180+1"]
[EndTime "10:17:39 PDT"]
[Termination "ChessBitl won by checkmate"]

1. e4 e5 2. Nf3 Nc6 3. d4 exd4 4. Bc4 Nf6 5. O-O Nxe4 6. Re1 d5 7. Bxd5 Qxd5 8. Nc3 Qa5 9. Nxe4 Be6 10. Bd2 Bb4 11. Bxb4 Qxb4 12. a3 Qb6 13. Qd3 O-O-O 14. b4 Rhe8 15.
Nc5 g5 16. Nxg5 Nb8 17. Ngxe6 fxe6 18. Qxh7 Nd7 19. Nxd7 Rxd7 20. Qe4 e5 21. f4 d3+ 22.
Kh1 d2 23. Rf1 Red8 24. Rad1 exf4 25. Qxf4 Qc6 26. c4 Rd4 27. Qf5+ Kb8 28. Rf2 Qxc4 29.
h3 Qc3 30. Qf3 Rd3 31. Qf6 Qxa3 32. Rfxd2 Rxd2 33. Qxd8+ Rxd8 34. Rxd8# 1-0

[Event "*** Titled Tuesday Blitz"]
[Site "Chess.com"]
[Date "2020.04.28"]
[Round "2"]
[White "korkmaz16"]
[Black "gvanna"]
[Result "0-1"]
[WhiteElo "2253"]
[BlackElo "2473"]
[TimeControl "180+1"]
[EndTime "10:17:39 PDT"]
[Termination "gvanna won on time"]

1. e4 c5 2. Nc3 g6 3. f4 Nc6 4. Nf3 Bg7 5. Bb5 e6 6. Bxc6 bxc6 7. O-O d5 8. d3 Ne7 9. Qe1 Rb8 10. e5 Nf5 11. Na4 c4 12. dxc4 dxc4 13. Be3 Nxe3 14. Qxe3 Qa5 15. b3 O-O 16. Rfd1 Ba6 17. Qc5 Bb5 18. Nd4 Rfc8 19. Nf3 Bf8 20. Rd6 cxb3 21. axb3 Qc7 22. Ng5 Rd8 23. Ne4 Bxa4 24. Rxa4 Bxd6 25. exd6 Qb6 26. Rxa7 Qxc5+ 27. Nxc5 Rxd6 28. Ne4 Rd4 29. Nf6+ Kg7 30. Nd7 Rd8 31. Ne5 Rxf4 32. h3 Rd1+ 33. Kh2 c5 34. Rc7 Rd5 35. Nc6 Rf2 36. Kg3 Rdd2 37.
Ne5 Rxg2+ 38. Kf3 Rdf2+ 39. Ke3 Re2+ 40. Kd3 Rxe5 0-1

[Event "*** Titled Tuesday Blitz"]
[Site "Chess.com"]
[Date "2020.04.28"]
[Round "2"]
[White "kinga2008"]
[Black "JSMastropiero"]
[Result "0-1"]
[WhiteElo "2109"]
[BlackElo "2404"]
[TimeControl "180+1"]
[EndTime "10:17:39 PDT"]
[Termination "JSMastropiero won on time"]

1. e4 e5 2. Nf3 Nc6 3. d4 exd4 4. Bc4 d6 5. O-O Nf6 6. Re1 Be7 7. Nxd4 O-O 8. Nxc6 bxc6 9. Nc3 Nd7 10. Bf4 Bf6 11. Qd2 Rb8 12. Rab1 Ne5 13. Be2 Re8 14. Nd1 Ng6 15.
Bh5 Nxf4 16. Qxf4 g6 17. Bf3 Be5 18. Qe3 c5 19. c3 Qf6 20. Qe2 Be6 21. a3 h5 22. Ne3 Rb3 23. Qc2 Rbb8 24. Qe2 Rb7 25. g3 Reb8 26. Bxh5 Bxc3 27. Bg4 Rxb2 28. Bxe6 Rxe2 29.
Rxb8+ Kg7 30. Rxe2 Qxe6 31. Nd5 Bd4 32. Nf4 Qc4 33.
Kg2 Be5 34. Rd2 Qxe4+ 0-1

[Event "*** Titled Tuesday Blitz"]
[Site "Chess.com"]
[Date "2020.04.28"]
[Round "2"]
[White "lucliasco"]
[Black "Jabberwockiez"]
[Result "1-0"]
[WhiteElo "2636"]
[BlackElo "2294"]
[TimeControl "180+1"]
[EndTime "10:17:40 PDT"]
[Termination "lucliasco won by checkmate"]

1. d4 Nf6 2. Nf3 e6 3. e3 d5 4. Bd3 Bd6 5. O-O O-O 6. Ne5 Ne4 7.
Nd2 f6 8. Nef3 f5 9. c4 c6 10. Qc2 Nd7 11. b3 Ndf6 12. Ne5 Bxe5 13. dxe5 Ng4 14. Bb2 Qh4 15. Nf3 Qh5 16. h3 Nh6 17.
Be2 g5 18. Nh2 g4 19. f3 Ng3 20. hxg4 fxg4 21. fxg4 Rxf1+ 22. Rxf1 Qg5 23. Rf3 Nxe2+ 24. Qxe2 Bd7 25. Rg3 Rf8 26. Nf3 Qg6 27. Ba3 Rf7 28. Nd4 Qb1+ 29. Kh2 Rf1 30. Rf3 Nxg4+ 31. Kg3 Rxf3+ 32.
Qxf3 Nxe5 33. Qf8# 1-0

[Event "*** Titled Tuesday Blitz"]
[Site "Chess.com"]
[Date "2020.04.28"]
[Round "2"]
[White "Chessmatus"]
[Black "Oneofmyturns"]
[Result "0-1"]
[WhiteElo "2346"]
[BlackElo "2672"]
[TimeControl "180+1"]
[EndTime "10:17:40 PDT"]
[Termination "Oneofmyturns won by resignation"]

1. e4 e5 2. Nf3 Nc6 3. Bb5 a6 4. Ba4 Nf6 5. O-O b5 6. Bb3 Bc5 7.
c3 d6 8. d4 Bb6 9. a4 Rb8 10.
a5 Ba7 11. Be3 Ra8 12. Re1 Bg4 13. d5 Ne7 14. Bxa7 Rxa7 15. c4 bxc4 16. Bxc4 O-O 17.
Nc3 Nd7 18. h3 Bh5 19. Qe2 Qc8 20. g4 Bg6 21. Qe3 Ra8 22. Rec1 Qb7 23. Nd2 h5 24. g5 f5 25. f3 fxe4 26. Ndxe4 Nf5 27. Qd3 Nd4 28.
Rf1 Qxb2 29. Rab1 Qa3 30. f4 Nc5 31. Qd2 Nxe4 32. Nxe4 Bxe4 0-1

[Event "*** Titled Tuesday Blitz"]
[Site "Chess.com"]
[Date "2020.04.28"]
[Round "2"]
[White "Mashenka97"]
[Black "Sandstad"]
[Result "0-1"]
[WhiteElo "2355"]
[BlackElo "2260"]
[TimeControl "180+1"]
[EndTime "10:17:40 PDT"]
[Termination "Sandstad won by checkmate"]

1. e4 c5 2. Nf3 g6 3. d4 cxd4 4.
Nxd4 Nc6 5. Nc3 Bg7 6. Be3 Nf6 7. Nxc6 bxc6 8. e5 Ng8 9. f4 Nh6 10. Bd3 d6 11. exd6 exd6 12. O-O O-O 13. Re1 Ng4 14.
Kh1 Nxe3 15. Rxe3 Qh4 16. Qf1 d5 17. Re2 Bg4 18. Rd2 Rab8 19. Na4 Rb4 20. Nc5 Rxb2 21. h3 Bc8 22. f5 Rb4 23. Re1 Rf4 24. Qe2 Bc3 25. fxg6 hxg6 26. Rdd1 Bxe1 27. Rxe1 Rf2 28. Qe3 Qf4 29. Qe7 Bxh3 30. Bf1 Rxf1+ 31. Rxf1 Qxf1+ 32. Kh2 Qxg2# 0-1

[Event "*** Titled Tuesday Blitz"]
[Site "Chess.com"]
[Date "2020.04.28"]
[Round "2"]
[White "Oglob71"]
[Black "Man-Chuk"]
[Result "0-1"]
[WhiteElo "2480"]
[BlackElo "2715"]
[TimeControl "180+1"]
[EndTime "10:17:41 PDT"]
[Termination "Man-Chuk won by resignation"]

1. d4 Nf6 2. Nf3 d5 3. c4 e6 4. Bg5 dxc4 5. Nc3 a6 6. e4 b5 7. e5 h6 8. Bh4 g5 9. Nxg5 hxg5 10. Bxg5 Be7 11. exf6 Bxf6 12. Qf3 Bxg5 13. Qxa8 Bd7 14. Qf3 Bc6 15. Qg4 f5 16. Qe2 Kf7 17. Rd1 Nd7 18. h4 Bxh4 19. Rh3 Nb6 20. Qe3 b4 21. Ne2 Nd5 22.
Qc1 Bb5 23. g3 Bf6 24. Nf4 Rxh3 25. Bxh3 Bg5 26. Bf1 Bxf4 27. gxf4 Qh4 28. Bxc4 Bxc4 29. Qxc4 Qxf4 30. Qe2 a5 31. Qe5 Qf3 32. Qg3 Qe4+ 33.
Qe3 Nxe3 0-1

[Event "*** Titled Tuesday Blitz"]
[Site "Chess.com"]
[Date "2020.04.28"]
[Round "2"]
[White "dpopadic"]
[Black "Toro1234"]
[Result "0-1"]
[WhiteElo "2323"]
[BlackElo "2645"]
[TimeControl "180+1"]
[EndTime "10:17:43 PDT"]
[Termination "Toro1234 won by checkmate"]

1. e4 d6 2. Nc3 c5 3. f4 Nc6 4. Nf3 g6 5. Bc4 e6 6. d3 Bg7 7. O-O Nge7 8. Qe1 Na5 9. Bb3 O-O 10. f5 Nxb3 11. axb3 exf5 12. Qh4 f6 13. Bh6 Bd7 14.
Rae1 Bc6 15. Bxg7 Kxg7 16. Qg3 fxe4 17. dxe4 Qd7 18. Ne2 Rae8 19. Nf4 Ng8 20. Nd2 b5 21. Nd5 Bxd5 22. exd5 Re5 23. Nf3 Rxd5 24. Re2 Re8 25.
Rfe1 Rxe2 26. Rxe2 Rd1+ 27. Kf2 Qf5 28. h3 a5 29. Qh4 h5 30. Qg3 g5 31. Ke3 Ne7 32. Kf2 Kf7 33. c4 b4 34. Ke3 h4 35. Qf2 Qf4# 0-1

[Event "*** Titled Tuesday Blitz"]
[Site "Chess.com"]
[Date "2020.04.28"]
[Round "2"]
[White "GmSergioBarrientos"]
[Black "Sibelephant"]
[Result "0-1"]
[WhiteElo "2596"]
[BlackElo "3200"]
[TimeControl "180+1"]
[EndTime "10:17:44 PDT"]
[Termination "Sibelephant won by checkmate"]

1. d4 Nf6 2. Nf3 g6 3. g3 Bg7 4.
Bg2 d5 5. c4 O-O 6. O-O Nc6 7.
cxd5 Nxd5 8. Nc3 Nb6 9. e3 Re8 10. Nd2 e5 11. d5 Nb4 12. Nb3 e4 13. Nxe4 N4xd5 14. Nec5 Qe7 15. a3 c6 16. Qc2 Nc7 17.
Bd2 Rd8 18. Rfe1 Ne6 19. Ne4 Nd5 20. Rad1 Bd7 21. Ba5 b6 22. Bd2 Rac8 23. h4 h6 24. Nc3 Be8 25. h5 gxh5 26. Ne2 h4 27. Bc1 Nf6 28.
Nbd4 Nxd4 29. Nxd4 hxg3 30. Nf5 gxf2+ 31. Qxf2 Qe5 32.
e4 Rxd1 33. Rxd1 Ng4 34. Qh4 Qc5+ 35. Kf1 h5 36. Qg5 Qf2# 0-1

[Event "*** Titled Tuesday Blitz"]
[Site "Chess.com"]
[Date "2020.04.28"]
[Round "2"]
[White "Abdimalik_Abdisalimov"]
[Black "TregubovP"]
[Result "1-0"]
[WhiteElo "2797"]
[BlackElo "2522"]
[TimeControl "180+1"]
[EndTime "10:17:44 PDT"]
[Termination "Abdimalik_Abdisalimov won by resignation"]

1. d4 Nf6 2. c4 e6 3. Nf3 Bb4+ 4. Nbd2 O-O 5. a3 Be7 6. e4 d6 7. b3 e5 8. Bb2 exd4 9. Nxd4 Re8 10. Bd3 Nfd7 11.
O-O Bf6 12. Qc2 Nc5 13. Rfe1 Nxd3 14. Qxd3 c5 15. Rad1 Bxd4 16. Bxd4 cxd4 17. Qxd4 Nc6 18. Qd3 Bg4 19. f3 Be6 20. Nf1 a5 21. Ne3 Qb6 22.
Kh1 Rad8 23. Rd2 Qc5 24. a4 g6 25. Rde2 Qb6 26. h3 Nd4 27. Rd2 Nc6 28. Rde2 Qd4 29. Qb1 Qe5 30. Qd1 Qg3 31. Nf1 Qh4 32. Ne3 Ne5 33. Rf1 g5 34. Qd2 Ng6 35. Qxa5 Nf4 36.
Rd2 h6 37. Rfd1 Bxh3 38. Kg1 Be6 39. Rxd6 Rxd6 40. Rxd6 Qe1+ 41. Qxe1 1-0

[Event "*** Titled Tuesday Blitz"]
[Site "Chess.com"]
[Date "2020.04.28"]
[Round "2"]
[White "arminmusovic"]
[Black "Biranidun"]
[Result "0-1"]
[WhiteElo "2496"]
[BlackElo "2726"]
[TimeControl "180+1"]
[EndTime "10:17:44 PDT"]
[Termination "Biranidun won by checkmate"]

1. a3 e5 2. Nc3 d5 3. d4 e4 4. Bf4 Nf6 5. Nb5 Na6 6. c4 dxc4 7. e3 c6 8. Nc3 b5 9. Nge2 Bf5 10. Ng3 Bg6 11. Be5 Nd5 12. Ngxe4 f6 13. Bg3 Be7 14. Nxd5 cxd5 15. Nc3 Qd7 16. Be2 b4 17. axb4 Nxb4 18. O-O O-O 19. Bf3 Bd3 20. Re1 f5 21. Ra5 Be4 22.
Bxe4 fxe4 23. b3 Rac8 24. bxc4 Rxc4 25. Qb3 Rfc8 26. Ne2 Nd3 27. Rf1 Bb4 28. Ra6 g5 29. h3 Rc2 30. Rfa1 Rxe2 31. Rxa7 Qf5 32. R1a6 Nxf2 33.
Rf6 Rc1+ 34. Kh2 Rh1# 0-1

[Event "*** Titled Tuesday Blitz"]
[Site "Chess.com"]
[Date "2020.04.28"]
[Round "2"]
[White "Kingsman132"]
[Black "Pawnpusherschessaccademy"]
[Result "0-1"]
[WhiteElo "2439"]
[BlackElo "2234"]
[TimeControl "180+1"]
[EndTime "10:17:44 PDT"]
[Termination "Pawnpusherschessaccademy won by resignation"]

1. d4 Nf6 2. c4 e6 3. Nc3 Bb4 4. Qc2 O-O 5. a3 Bxc3+ 6. Qxc3 b6 7. e4 Nxe4 8. Qf3 d5 9. Bd3 Bb7 10. Ne2 Nd7 11. O-O h6 12. cxd5 exd5 13. Nc3 Ndf6 14. Re1 c5 15. dxc5 Nxc5 16. Bc2 d4 17. Qg3 dxc3 18.
Bxh6 Nh5 19. Qg4 Qd5 20. Rad1 Qxg2+ 21. Qxg2 Bxg2 22. Kxg2 gxh6 23. bxc3 Rfe8 24. Rxe8+ Rxe8 25. Kf3 Nf6 26. Rg1+ Kf8 27. Rd1 Nfe4 28. c4 Re6 29. Rd4 Ng5+ 30. Kf4 Re2 31. Bd1 Nce6+ 32. Kf5 Nxd4+ 0-1

[Event "*** Titled Tuesday Blitz"]
[Site "Chess.com"]
[Date "2020.04.28"]
[Round "2"]
[White "MiroVlasenko"]
[Black "TzoumpasAnastasis"]
[Result "0-1"]
[WhiteElo "2596"]
[BlackElo "2185"]
[TimeControl "180+1"]
[EndTime "10:17:46 PDT"]
[Termination "TzoumpasAnastasis won by checkmate"]

1. e4 c5 2. Nc3 a6 3. f4 b5 4. Nf3 e6 5. g3 b4 6. Ne2 d5 7. e5 d4 8. d3 Bb7 9. Bg2 f5 10. exf6 Nxf6 11. O-O Bd6 12. c3 dxc3 13. bxc3 O-O 14. cxb4 cxb4 15. a3 bxa3 16. Bxa3 Qb6+ 17. Kh1 Bxa3 18. Rxa3 Ng4 19. Rb3 Qc7 20. Qd2 Bd5 21. Rc3 Qb7 22. h3 Nf6 23. g4 Nc6 24. f5 exf5 25. Nf4 fxg4 26. hxg4 Ne7 27. g5 Ng4 28. Nxd5 Qxd5 29. Nh2 Rxf1+ 30. Nxf1 Qf5 31. Ng3 Qe5 32.
Bxa8 Qxg3 33. Bg2 Nf2+ 34. Kg1 Nh3+ 35. Kf1 Nf5 36. Qa2+ Kf8 37. Rc8+ Ke7 38. Qa3+ Kd7 39. Rc2 Ne3+ 40. Ke2 Qf2# 0-1

[Event "*** Titled Tuesday Blitz"]
[Site "Chess.com"]
[Date "2020.04.28"]
[Round "2"]
[White "BasilSmash"]
[Black "DonPreuss"]
[Result "1-0"]
[WhiteElo "2434"]
[BlackElo "2190"]
[TimeControl "180+1"]
[EndTime "10:17:46 PDT"]
[Termination "BasilSmash won by resignation"]

1. d4 Nc6 2. Nf3 d6 3. g3 g6 4.
Bg2 Bg7 5. O-O e5 6. dxe5 Nxe5 7. Nxe5 Bxe5 8. c4 Bg7 9. Qc2 Ne7 10. Nc3 O-O 11. b3 Nc6 12. Bb2 f5 13. Nd5 Nd4 14. Qd2 Ne6 15. Bxg7 Nxg7 16. Rac1 Be6 17. Rfd1 b6 18. Nf4 Bf7 19. Bxa8 Qxa8 20. Qd4 g5 21. Nd5 Bxd5 22. Qxd5+ Kh8 23. b4 Qe8 24. Rd2 Qh5 25. c5 bxc5 26. bxc5 f4 27. cxd6 cxd6 28. Rc7 fxg3 29.
hxg3 Qh3 30. Qd4 Qh6 31. Rb2 Qf6 1-0

[Event "*** Titled Tuesday Blitz"]
[Site "Chess.com"]
[Date "2020.04.28"]
[Round "2"]
[White "Rsnr"]
[Black "stoleriu"]
[Result "1-0"]
[WhiteElo "2855"]
[BlackElo "2548"]
[TimeControl "180+1"]
[EndTime "10:17:47 PDT"]
[Termination "Rsnr won on time"]

1. d4 e6 2. c4 Nf6 3. Nf3 Bb4+ 4. Nbd2 Qe7 5. a3 Bxd2+ 6. Qxd2 d6 7. e3 O-O 8. b4 e5 9. dxe5 dxe5 10. Bb2 e4 11. Nd4 a5 12. c5 axb4 13. axb4 Rxa1+ 14. Bxa1 Nbd7 15. Be2 Ne5 16. O-O Rd8 17. Qc3 Ng6 18. Rd1 h5 19. Bb2 h4 20. h3 Kh7 21. b5 Nd5 22.
Qc2 Qg5 23. Kh1 Qf6 24. Bc4 Nb4 25. Qe2 Kg8 26. Ne6 Rxd1+ 27. Qxd1 Qe7 28. Nxg7 b6 29. Nh5 Be6 30. Qd4 1-0

[Event "*** Titled Tuesday Blitz"]
[Site "Chess.com"]
[Date "2020.04.28"]
[Round "2"]
[White "Romn69"]
[Black "731291"]
[Result "0-1"]
[WhiteElo "2320"]
[BlackElo "2673"]
[TimeControl "180+1"]
[EndTime "10:17:47 PDT"]
[Termination "731291 won by resignation"]

1. d4 e6 2. Nf3 c5 3. e4 cxd4 4.
Nxd4 Nc6 5. Nc3 Qc7 6. Be2 a6 7. O-O Nf6 8. Be3 Be7 9. f4 d6 10. Kh1 O-O 11. Qe1 Nxd4 12. Bxd4 b5 13. a3 Bb7 14. Qg3 Rad8 15. Rae1 Rd7 16. Bd3 Re8 17. f5 e5 18. Be3 Kh8 19. Rf3 Bc6 20. Bg5 Nh5 21. Qh4 Bxg5 22. Qxg5 Nf6 23. Rg3 Rg8 24. Qh4 Qd8 25. Rh3 h6 26. Qf2 Qb8 27. Rg1 Nh7 28.
f6 Nxf6 29. Rxh6+ gxh6 30. Qxf6+ Rg7 31. Qxh6+ Kg8 32. Rf1 Qd8 33. Rf5 Rg6 34. Qh5 a5 35. h3 b4 36. axb4 axb4 37. Nd5 Bxd5 38. exd5 Qe7 39.
Rxf7 Qxf7 40. Bxg6 Qf1+ 41. Kh2 Rg7 42. c4 Qf4+ 43. Kh1 Qg3 44. c5 Rxg6 0-1

[Event "*** Titled Tuesday Blitz"]
[Site "Chess.com"]
[Date "2020.04.28"]
[Round "2"]
[White "Guenplen"]
[Black "Valuebet2000"]
[Result "1-0"]
[WhiteElo "2954"]
[BlackElo "2578"]
[TimeControl "180+1"]
[EndTime "10:17:48 PDT"]
[Termination "Guenplen won by resignation"]

1. d4 d5 2. Bf4 Nf6 3. e3 c5 4. c3 Nc6 5. Nd2 cxd4 6. exd4 Bf5 7. Ngf3 e6 8. Be2 Bd6 9. Bxd6 Qxd6 10. O-O O-O 11. Re1 Ne4 12. Nxe4 Bxe4 13. Nd2 Bg6 14. Nb3 b6 15. Bd3 Bxd3 16. Qxd3 a5 17. a3 Ne7 18.
Re2 Rfb8 19. g3 Nf5 20. Qf3 Qd7 21. Nc1 Nd6 22. Nd3 Nc4 23. h4 b5 24. Kg2 h6 25. h5 Nd6 26. g4 Ne4 27. Qf4 Qd6 28. Qxd6 Nxd6 29. f3 Nc4 30. Kg3 Rb7 31. Kh4 Re7 32.
Rae1 Rae8 33. Kg3 Kf8 34. f4 Nd6 35. Nc5 Rc7 36. Kf3 Rec8 37. b3 b4 38. cxb4 axb4 39. a4 Rxc5 40. dxc5 Ne4 41. Rxe4 dxe4+ 42. Rxe4 Rxc5 43.
Rxb4 Rc3+ 1-0

[Event "*** Titled Tuesday Blitz"]
[Site "Chess.com"]
[Date "2020.04.28"]
[Round "2"]
[White "Chess_Boxer123"]
[Black "Training_Day"]
[Result "1-0"]
[WhiteElo "2563"]
[BlackElo "2297"]
[TimeControl "180+1"]
[EndTime "10:17:48 PDT"]
[Termination "Chess_Boxer123 won on time"]

1. e4 e5 2. Nf3 Nc6 3. Bb5 a6 4. Ba4 Nf6 5. O-O Be7 6. Re1 b5 7.
Bb3 d6 8. c3 O-O 9. h3 Nb8 10.
d4 Nbd7 11. a4 Bb7 12. Nbd2 c5 13. d5 c4 14. Bc2 Qc7 15. Nf1 Rfb8 16. Ng3 Bc8 17. a5 g6 18. Bg5 Nc5 19. Nh4 Ne8 20.
Qd2 Qd8 21. Bxe7 Qxe7 22. Nf3 Bd7 23. Nh2 h5 24. Rf1 Qh4 25. Rae1 Nf6 26. Re3 Qf4 27. Ne2 Qh6 28. f4 exf4 29. Nxf4 Re8 30. Qd4 Qg7 31.
Nxg6 fxg6 32. Rxf6 Nb7 33. Nf3 Rf8 34. Rxf8+ Rxf8 35. Qxg7+ Kxg7 36. e5 dxe5 37. Nxe5 Bf5 38. Bxf5 gxf5 39.
Nc6 Nd6 40. Re6 Rf6 41. Re7+ Rf7 42. Re5 h4 43. Kf2 Kf6 44. Re6+ 1-0

[Event "*** Titled Tuesday Blitz"]
[Site "Chess.com"]
[Date "2020.04.28"]
[Round "2"]
[White "Aikiigm"]
[Black "atwalcb"]
[Result "1-0"]
[WhiteElo "2515"]
[BlackElo "2273"]
[TimeControl "180+1"]
[EndTime "10:17:48 PDT"]
[Termination "Aikiigm won by resignation"]

1. h4 d5 2. h5 e5 3. c4 Nf6 4. h6 gxh6 5. cxd5 Nxd5 6. d3 Nc6 7. Bxh6 Bxh6 8. Rxh6 Qg5 9. Rh1 Be6 10. Nf3 Qg7 11. Nc3 Nxc3 12. bxc3 O-O-O 13. Qc1 f5 14. g3 e4 15. Ng5 Bd5 16. d4 e3 17. Nf3 Bxf3 18. exf3 Rde8 19. Bb5 exf2+ 20. Kxf2 Rhg8 21. Rh3 Re7 22. Bxc6 bxc6 23. Qh6 Qxh6 24. Rxh6 Rge8 25. Kg2 Re2+ 26. Kh3 Rf2 27. f4 Re3 28. Rxh7 Ree2 29. Rh1 Re3 30. Rh6 Rxc3 31. Kh4 Rff3 32. Rh3 Rfd3 33. Rf6 Rxd4 34. Rxf5 Rd5 35. Rf8+ Kb7 36. f5 Rf3 37. g4 Rf4 38. Kg5 Rf2 39. Rg3 Rxa2 40.
Rb3+ Ka6 41. Rf7 Rd4 42. Rxc7 Raa4 43. Rxc6+ Ka5 44. Rc5+ Ka6 45. Rc6+ Ka5 46. Kf6 Rxg4 47. Rb7 Rab4 48. Rxa7+ Kb5 49. Re6 Rbd4 50. Rae7 Kc5 51.
Re5+ Kd6 52. R5e6+ Kd5 53. Kf7 Rdf4 54. f6 Rg2 55. Re5+ Kd6 56. R5e6+ Kd5 57. Re2 Rgf2 58. Rxf2 Rxf2 59. Kg7 Rg2+ 60. Kf8 Kd6 61. f7 Ra2 62.
Re3 Kd7 63. Re4 Rg2 64. Rd4+ Kc7 65. Ke7 Re2+ 66. Kf6 Rf2+ 67. Ke6 Re2+ 68. Kf5 1-0

[Event "*** Titled Tuesday Blitz"]
[Site "Chess.com"]
[Date "2020.04.28"]
[Round "2"]
[White "tomozupan"]
[Black "Embrujada"]
[Result "0-1"]
[WhiteElo "2212"]
[BlackElo "2450"]
[TimeControl "180+1"]
[EndTime "10:17:48 PDT"]
[Termination "Embrujada won by resignation"]

1. d4 d6 2. Nf3 Nf6 3. c4 g6 4.
Nc3 Bf5 5. Bf4 Bg7 6. e3 O-O 7.
h3 c5 8. Be2 Ne4 9. O-O Nxc3 10. bxc3 Nc6 11. Re1 e5 12. Bh2 exd4 13. cxd4 Be4 14.
Nd2 Bf5 15. Nf3 Re8 16. Rc1 Rc8 17. Bd3 Bxd3 18. Qxd3 cxd4 19. exd4 Rxe1+ 20. Rxe1 d5 21. c5 b6 22. cxb6 Qxb6 23. Be5 Bxe5 24. Nxe5 Nb4 25. Qf3 Qe6 26. Nd3 Qd6 27. Ne5 Rc7 28. Qa3 Qb6 29.
Nf3 Kg7 30. Re5 a5 31. Re8 Rc2 32. Qe3 Qc7 33. Ng5 Rc1+ 34. Qxc1 Qxc1+ 35. Kh2 Qxg5 0-1

[Event "*** Titled Tuesday Blitz"]
[Site "Chess.com"]
[Date "2020.04.28"]
[Round "2"]
[White "algatar2020"]
[Black "Omk124"]
[Result "0-1"]
[WhiteElo "1869"]
[BlackElo "2357"]
[TimeControl "180+1"]
[EndTime "10:17:48 PDT"]
[Termination "Omk124 won on time"]

1. d4 Nf6 2. Nf3 g6 3. Bf4 Bg7 4. e3 O-O 5. c4 d6 6. Nc3 Nbd7 7. h3 c6 8. Be2 a6 9. O-O b5 10. Rc1 Bb7 11. b4 Re8 12. a4 a5 13.
cxb5 axb4 14. bxc6 Bxc6 15. Nb5 Qb6 16. Qc2 Rec8 17. Qb3 Qa5 18. Ra1 Bd5 19. Qb2 Ne4 20. Rfc1 Nc3 21. Nxc3 bxc3 22. Qb5 Nb6 23. Qxa5 Rxa5 24.
Bb5 Bc6 25. Rab1 Nxa4 26. Bxa4 Bxa4 27. Rxc3 Raa8 28. Rxc8+ Rxc8 29. Rb7 Bf6 30. Ra7 Bc6 31. Ne1 h5 32. Nd3 Be4 33. Nb4 Rc1+ 34. Kh2 Rb1 35. Na6 Rb2 36. Kg1 Ra2 37. f3 Bc6 38. Kh2 Bxf3 39.
Kg3 Bxg2 0-1